 Dungeon Crawl Stone Soup version 0.17-a0-1646-geb1493d (webtiles) character file.

127 karlkraus the Shield-Bearer (level 4, 0/41 HPs)
             Began as a Minotaur Fighter on Aug 9, 2015.
             Slain by a jackal (1 damage)
             ... on level 2 of the Dungeon.
             The game lasted 00:01:45 (955 turns).

karlkraus the Shield-Bearer (Minotaur Fighter)       Turns: 955, Time: 00:01:45

Health: 0/41       AC:  7    Str: 21    XL:     4   Next: 85%
Magic:  3/3        EV:  8    Int:  5    God:
Gold:   113        SH: 10    Dex: 10    Spells: 0 memorised, 3 levels left

rFire  . . .     SeeInvis .     a - +0 flail
rCold  . . .     Clarity  .     b - +0 scale mail
rNeg   . . .     SustAt   .     c - +0 shield
rPois  .         Gourm    .     (helmet restricted)
rElec  .         Spirit   .     (no cloak)
rCorr  .         Warding  .     (no gloves)
rMut   .         Stasis   .     (no boots)
MR     .....                    (no amulet)
Stlth  ..........               (no ring)
                                (no ring)

@: not resistant to hostile enchantments, extremely unstealthy
A: retaliatory headbutt, horns 2
a: no special abilities


You were on level 2 of the Dungeon.
You were not hungry.

You visited 1 branch of the dungeon, and saw 2 of its levels.

You collected 113 gold pieces.

Inventory:

Hand weapons
 a - a +0 flail (weapon)
Armour
 b - a +0 scale mail (worn)
 c - a +0 shield (worn)
Jewellery
 j - an uncursed amulet of clarity {unknown}
Scrolls
 f - 4 scrolls of identify {unknown}
 g - 2 scrolls of fog {unknown}
 h - a scroll of enchant armour {unknown}
Potions
 d - 2 potions of might
 n - a potion of agility {unknown}
Comestibles
 e - 2 bread rations
 i - a royal jelly
 k - a beef jerky
 l - a meat ration
 m - 3 chunks of flesh


   Skills:
 + Level 4.3 Fighting
 + Level 2.9 Maces & Flails
 + Level 4.3 Armour
 + Level 1.8 Dodging
 + Level 0.1 Stealth
 + Level 5.0 Shields


You had 3 spell levels left.
You didn't know any spells.

Dungeon Overview and Level Annotations

Branches:
Dungeon (2/15)

Altars:


Innate Abilities, Weirdness & Mutations

You reflexively headbutt those who attack you in melee.
You have a pair of horns on your head.


Message History

It is a wand of magic darts.
The goblin hits you but does no damage.
The goblin hits you but does no damage. x2
A jackal comes into view.
You sock Robin! You headbutt Robin!
You kill Robin!
You block the goblin's attack. The goblin hits you but does no damage.
The jackal barely misses you. You furiously retaliate!
You headbutt the jackal!
You kill the jackal!
You block the goblin's attack. The goblin hits you with a dagger.
* * * LOW HITPOINT WARNING * * *
A jackal comes into view.
You hit the goblin.
The goblin is moderately wounded.
The goblin barely misses you. x2
The jackal closely misses you. The goblin hits you but does no damage.
You block the goblin's attack. x2
You closely miss the goblin.
The goblin is moderately wounded.
The jackal bites you.
You die...

........(.# #
#...%.....# ♣ #
..##....<.#
♣.#. . #......#
.♣.. #....).#
.... #......#
).#. #.#.#gg#
♣♣## ...#.#gg#
# ##. #.##@# #
# #...hg# #>..
#..[....<. ####
......#h#h... .
...............
##
..#.....#......
. ... ... #...#
.###.... .###


You could see 3 jackals and 5 goblins.

Vanquished Creatures
  Ijyb (D:2)
  Natasha (twice) (D:2)
  Robin (D:2)
  2 oozes (D:1)
  3 bats (D:1)
  A giant cockroach (D:1)
  6 goblins
  7 hobgoblins
  11 jackals
  A giant gecko (D:1)
  2 giant newts (D:1)
  7 kobolds (D:1)
44 creatures vanquished.

Notes
Turn   | Place    | Note
--------------------------------------------------------------
     0 | D:1      | karlkraus the Minotaur Fighter began the quest for the Orb.
     0 | D:1      | Reached XP level 1. HP: 19/19 MP: 0/0
   233 | D:1      | Reached skill level 4 in Fighting
   233 | D:1      | Reached XP level 2. HP: 21/27 MP: 1/1
   730 | D:1      | Reached XP level 3. HP: 33/33 MP: 2/2
   808 | D:2      | Noticed Natasha
   820 | D:2      | Killed Natasha
   885 | D:2      | Noticed Ijyb
   903 | D:2      | Killed Ijyb
   903 | D:2      | Reached skill level 1 in Dodging
   903 | D:2      | Reached XP level 4. HP: 16/40 MP: 3/3
   931 | D:2      | Noticed Natasha
   938 | D:2      | Killed Natasha
   940 | D:2      | Noticed Robin
   947 | D:2      | Reached skill level 5 in Shields
   953 | D:2      | Killed Robin
   953 | D:2      | HP: 1/41 [goblin/dagger[Robin] (4)]
   955 | D:2      | Slain by a jackal

Vault maps used:
D:1:      nagdon_arrival_double_spiral, minmay_close_crescents
D:2:      nicolae_overflow_crystal_walls, minmay_snake_closets,
          uniq_crazy_yiuf_cottage, uniq_iyjb, uniq_natasha, uniq_robin

Action                   |  1- 3 |  4- 6 || total
-------------------------+-------+-------++-------
Melee: Flail             |    71 |    29 ||   100
